 Dungeon Sprint DCSS version bcrawl-1.19-7-g22fd707d3b (webtiles) character file.

Game seed: 7509423725146566338

53 Leeroy the Carver (level 3, -1/23 HPs)
             Began as a Skeleton Reaver on Nov 15, 2019.
             Was an Initiate of Vehumet.
             Slain by a +2 war axe of chopping (9 damage)
             ... in the Dungeon (Sprint V: "Ziggurat Sprint").
             The game lasted 00:02:43 (341 turns).

Leeroy the Carver (Skeleton Reaver)                  Turns: 341, Time: 00:02:43

Health: -1/23      AC: 25    Str: 17      XL:     3   Next: 62%
Magic:  0/7        EV: -1    Int: 12      God:    Vehumet [......]
Gold:   0          SH: 26    Dex:  7 (8)  Spells: 8/8 levels left

rFire    . . .     SeeInvis .   F - +9 sword of Zonguldrok {reap}
rCold    + . .     Gourm    .   z - +18 shield of the Gong {rElec rN+ MR+ EV-5}
rNeg     + + +     Faith    .   y - +15 Maxwell's patent armour {-Cast -Tele rElec MR+ rCorr}
rPois    ∞         Spirit   +   (no helmet)
rElec    +         Reflect  .   (no cloak)
rCorr    +         Harm     .   (no gloves)
MR       ++...     NoTele   +   (no boots) Stlth ..........NoCast +
                                (no amulet)
HPRegen  0.07/turn              (no ring)
MPRegen  0.10/turn              (no ring)

@: no status effects
A: no food or potions, cold resistance 1, deterioration 1, negative energy
resistance 3, torment resistance, unbreathing, magic shield, sturdy frame 1,
spell healing
a: Renounce Religion


You were in the Dungeon.
You worshipped Vehumet.
Vehumet was noncommittal.
You were not hungry.

You visited 1 branch

Inventory:

Hand Weapons
 a - a +0 long sword
 v - the +6 Majin-Bo {vamp, *Drain Str+12 Int+24}
   (You found it in the Dungeon)

   It inflicts no extra harm, but heals its wielder when it wounds a living foe.
   It affects your strength (+12).
   It affects your intelligence (+24).
   It causes draining when unequipped.
 w - the +9 heavy crossbow "Sniper" {velocity, Acc+∞ SInv}
   (You found it in the Dungeon)

   Any bolt fired from it inflicts extra damage.
   It lets you see invisible.
 x - the +10 dark maul {crush}
   (You found it in the Dungeon)

   It inflicts extra damage upon your enemies.
 A - the cursed +14 obsidian axe {chop, +Fly SInv *Curse}
   (You found it in the Dungeon)

   It inflicts extra damage upon your enemies.
   It lets you see invisible.
   It lets you fly.
   It curses itself when equipped.
   It has a curse placed upon it.
 B - the +7 great mace "Firestarter" {inner flame, rF++}
   (You found it in the Dungeon)

   It has been specially enchanted to burn those struck by it, causing extra
   injury to most foes and up to half again as much damage against particularly
   susceptible opponents.
   It greatly protects you from fire.
 C - the +6 shillelagh "Devastator" {shatter}
   (You found it in the Dungeon)
 D - the +11 plutonium sword {*Contam Stlth-}
   (You found it in the Dungeon)

   It causes magical contamination when unequipped.
   It makes you less stealthy.
 E - the +8 lance "Wyrmbane" {slay drac, rPois rF+ rC+ AC+3}
   (You found it in the Dungeon)

   It affects your AC (+3).
   It protects you from fire.
   It protects you from cold.
   It protects you from poison.
 F - the +9 sword of Zonguldrok (weapon) {reap}
   (You found it in the Dungeon)

   If a monster killed with it leaves a corpse in good enough shape, the corpse
   will be animated as a zombie friendly to the killer.
 G - the cursed +13 scythe of Curses {drain, *Curse}
   (You found it in the Dungeon)

   A truly terrible weapon, it drains the life of those it strikes.
   It curses itself when equipped.
   It has a curse placed upon it.
 H - the +0 sword of Power
   (You found it in the Dungeon)
 I - the +7 mace of Variability {chain chaos}
   (You found it in the Dungeon)

   Each time it hits an enemy it has a different, random effect.
 J - the +7 Singing Sword {slice}
   (You found it in the Dungeon)

   It inflicts extra damage upon your enemies.
 K - the +7 longbow "Piercer" {penet, EV-2}
   (You found it in the Dungeon)

   Ammo fired by it will pass through the targets it hits, potentially hitting
   all targets in its path until it reaches maximum range.
   It affects your evasion (-2).
 L - a +5 lajatang
 M - a +5 quick blade
 N - a +5 demon blade
 O - a +5 double sword
 P - a +5 triple sword
 R - the +9 great sword "Beetleslayer" {holy, rElec Dex+4 Stlth+}
   (You took it off an orc wizard in the Dungeon)

   It has been blessed by the Shining One to cause great damage to the undead
   and demons.
   It affects your dexterity (+4).
   It insulates you from electricity.
   It makes you more stealthy.
Armour
 b - +0 steam dragon scales
 y - the +15 Maxwell's patent armour (worn) {-Cast -Tele rElec MR+ rCorr}
   (You found it in the Dungeon)

   It insulates you from electricity.
   It affects your resistance to hostile enchantments.
   It prevents spellcasting.
   It prevents most forms of teleportation.
   It provides partial protection from all sources of acid and corrosion.
 z - the +18 shield of the Gong (worn) {rElec rN+ MR+ EV-5}
   (You found it in the Dungeon)

   It affects your evasion (-5).
   It insulates you from electricity.
   It protects you from negative energy.
   It affects your resistance to hostile enchantments.
 Q - a +3 large shield
Magical Staves
 u - an uncursed staff of energy
Jewellery
 m - a +6 ring of dexterity
 n - a +6 ring of dexterity
 o - a +6 ring of intelligence
 p - a +6 ring of intelligence
 q - a +6 ring of strength
 r - a +6 ring of strength
 t - an uncursed ring of flight
 S - an uncursed ring of protection from cold
Wands
 j - a wand of disintegration (7)
 k - a wand of iceblast (7)
 l - a wand of acid (7)
Scrolls
 c - a scroll of immolation
 d - 4 scrolls of blinking
 e - 4 scrolls of amnesia
 f - 7 scrolls of fog
 g - 5 scrolls of identify
 h - 5 scrolls of remove curse
 i - 2 scrolls of fear
Miscellaneous
 s - a lightning rod (4/4)


   Skills:
 - Level 3.0 Fighting
 + Level 9.4 Long Blades
 - Level 3.0 Dodging
 - Level 3.0 Spellcasting


You had 8 spell levels left.
You didn't know any spells.
Your spell library contained the following spells:

 Spells                   Type           Power        Failure   Level  Hunger
 Magic Dart               Conj           #...         100%        1    N/A
 Iskenderun's Battlesphe  Conj/Chrm      #.......     100%        5    N/A

Dungeon Overview and Level Annotations

Branches:
Dungeon (1/1)

Altars:
Ashenzari
Cheibriados
Dithmenos
Elyvilon
Fedhas
Gozag
Hepliaklqana
Kikubaaqudgha
Lugonu
Makhleb
Nemelex Xobeh
Okawaru
Qazlal
Ru
Sif Muna
Trog
Uskayaw
Vehumet
Wu Jian
Xom
Yredelemnul
Zin
The Shining One
Beogh
Jiyva

Annotations:
D 1 transporter


Innate Abilities, Weirdness & Mutations

You do not eat or drink.
You are immune to poison.
Your flesh is cold resistant. (rC+)
Your body sometimes deteriorates upon taking damage.
You are immune to negative energy. (rN+++)
You are immune to unholy pain and torment.
You can survive without breathing.
When hurt, damage is shared between your health and your magic reserves.
Your movements are slightly less encumbered by armour. (ER -2)
Casting spells heals you.


Message History

GONNNNG!
The deep elf annihilator gestures wildly while chanting.
The deep elf annihilator blinks!
You block the +2 war axe of chopping's attack.
GONNNNG!
The deep elf annihilator casts a spell.
The deep elf annihilator blinks!
You slash the earth elemental!
The earth elemental is moderately damaged.
You block the +2 war axe of chopping's attack.
PANG!
You block the +2 war axe of chopping's attack.
GONNNNG!
The earth elemental hits you!!
Ouch! That really hurt!
Your body deteriorates!
You feel clumsy.
You hit the earth elemental.
The earth elemental is moderately damaged.
The +2 war axe of chopping hits you!
You die...

▓▓▓▓▓▓▓▓▓▓▓▓▓
▓.8©8.▓.8©8.▓
▓.||}.▓.....▓
▓.e...▓.)...▓
▓.....▓.[)..▓
▓.E(..▓.....▓
▓§@...▓..©..▓
▓..©..▓▓▓▓▓▓▓
▓▓▓▓▓▓▓


You could see a deep elf annihilator, an earth elemental and a +2 war axe of
chopping.

Vanquished Creatures
  2 orc wizards (D)
2 creatures vanquished.

Notes
Turn   | Place    | Note
-------+----------+-------------------------------------------
     0 | D        | Leeroy the Skeleton Reaver began the quest for the Orb.
     0 | D        | Reached XP level 1. HP: 14/14 MP: 4/4
     2 | D        | Found a blossoming altar of Fedhas.
     3 | D        | Found the +6 Majin-Bo {vamp, *Drain Str+12 Int+24}
     3 | D        | Found the +7 great mace "Firestarter" {inner flame, rF++}
     3 | D        | Found a viscous altar of Jiyva.
     3 | D        | Found a hazy altar of Hepliaklqana.
     3 | D        | Found a transporter.
     3 | D        | Found an opulent altar of Gozag.
     3 | D        | Found an ancient bone altar of Kikubaaqudgha.
     3 | D        | Found a corrupted altar of Lugonu.
     5 | D        | Found a burning altar of Makhleb.
     6 | D        | Found a sacrificial altar of Ru.
     6 | D        | Found a shimmering blue altar of Sif Muna.
     6 | D        | Found a stormy altar of Qazlal.
     6 | D        | Found a bloodstained altar of Trog.
     6 | D        | Found an iron altar of Okawaru.
     6 | D        | Found a sparkling altar of Nemelex Xobeh.
    32 | D        | Found the +9 heavy crossbow "Sniper" {velocity, Acc+∞ SInv}
    32 | D        | Found the +10 dark maul {crush}
    32 | D        | Found the +15 Maxwell's patent armour {-Cast -Tele rElec
                  | MR+ rCorr}
    32 | D        | Found the +18 shield of the Gong {rElec rN+ MR+ EV-5}
    32 | D        | Found the cursed +14 obsidian axe {chop, +Fly SInv *Curse}
    34 | D        | Found the +6 shillelagh "Devastator" {shatter}
    34 | D        | Found the +11 plutonium sword {*Contam Stlth-}
    34 | D        | Found the +8 lance "Wyrmbane" {slay drac, rPois rF+ rC+
                  | AC+3}
    34 | D        | Found the +9 sword of Zonguldrok {reap}
    34 | D        | Found the cursed +13 scythe of Curses {drain, *Curse}
    34 | D        | Found the +0 sword of Power
    34 | D        | Found the +7 mace of Variability {chain chaos}
    34 | D        | Found the +7 Singing Sword {slice}
    34 | D        | Found the +7 longbow "Piercer" {penet, EV-2}
   111 | D        | Entered arena 2.
   111 | D        | Noticed an orc wizard
   111 | D        | Noticed an orc wizard
   111 | D        | Found a transporter.
   112 | D        | Identified the +9 great sword "Beetleslayer" {holy, rElec
                  | Dex+4 Stlth+}
   115 | D        | Killed an orc wizard
   115 | D        | Reached skill level 8 in Long Blades
   115 | D        | Reached XP level 2. HP: 6/19 MP: 1/6
   118 | D        | Reached * piety under Vehumet
   118 | D        | Offered knowledge of Magic Dart by Vehumet.
   118 | D        | Reached skill level 9 in Long Blades
   118 | D        | Reached XP level 3. HP: 7/23 MP: 1/7
   335 | D        | Entered arena 3.
   335 | D        | Noticed an earth elemental
   335 | D        | Noticed a deep elf annihilator
   335 | D        | Noticed a +2 war axe of chopping
   335 | D        | Found a transporter.
   341 | D        | Slain by a +2 war axe of chopping

Skill      XL: |  1  2 |
---------------+-------+-----
Long Blades    | 8 9 |  9.4
Fighting       | |  3.0
Dodging        | |  3.0
Spellcasting   | |  3.0

Action                   || total
-------------------------++-------
Melee: Double sword      ||    10
Armor: Plate armour      ||     5
Block: Shield            ||     7
